 Dungeon Crawl Stone Soup version 0.21-a0-630-g344d351 (webtiles) character file.

568 shenanigans the Skirmisher (level 7, -2/57 HPs)
             Began as a Barachi Skald on Dec 25, 2017.
             Killed from afar by a raiju (17 damage)
             ... with a living lightning
             ... on level 2 of the Abyss.
             The game lasted 00:11:35 (4581 turns).

shenanigans the Skirmisher (Barachi Skald)          Turns: 4581, Time: 00:11:36

Health: -2/57      AC: 11    Str: 13    XL:     7   Next: 33%
Magic:  10/10      EV:  6    Int: 15    God:
Gold:   153        SH:  0    Dex: 11    Spells: 9/10 levels left

rFire    . . .     SeeInvis .   e - +2 flail (drain)
rCold    . . .     Gourm    .   (no shield)
rNeg     . . .     Faith    .   m - +0 chain mail
rPois    .         Spirit   .   k - +0 helmet
rElec    .         Reflect  .   (no cloak)
rCorr    .         Harm     .   p - +0 pair of gloves
MR       .....                  (no boots)
Stlth    ..........             (no amulet)
HPRegen  0.19/turn              (no ring)
MPRegen  0.12/turn              (no ring)

@: heavily drained, slow
A: +LOS, swims, slowness 1, strong legs 1
a: Hop


You were on level 2 of the Abyss.
You were not hungry.

You visited 1 branch of the dungeon, and saw 4 of its levels.
You visited the Abyss 1 time.

You collected 153 gold pieces.

Inventory:

Hand Weapons
 a - a +0 hand axe
 e - a +2 flail of draining (weapon)
 i - a +1 dagger of speed
 x - a +0 war axe
Armour
 b - a +0 leather armour
 k - a +0 helmet (worn)
 m - a +0 chain mail (worn)
 p - a +0 pair of gloves (worn)
Wands
 j - a wand of polymorph (10)
 r - a wand of disintegration (12)
Scrolls
 f - 2 scrolls of identify
 g - a scroll of teleportation {unknown}
 h - 2 scrolls of blinking
 l - a scroll of remove curse
 o - a scroll of enchant armour {unknown}
 t - a scroll of random uselessness {unknown}
 w - a scroll of fog {unknown}
 y - a scroll of fear {unknown}
Potions
 n - a potion of mutation
 q - a potion of curing
 s - a potion of agility
 u - a potion of ambrosia
 v - a potion of magic
 z - a potion of degeneration {unknown}
Books
 c - a book of Battle

   Spells                             Type                      Level
   a - Infusion                       Charms                       1
   b - Shroud of Golubria             Charms/Translocation         2
   c - Song of Slaying                Charms                       2
   d - Spectral Weapon                Hexes/Charms                 3
   e - Regeneration                   Charms/Necromancy            3
Comestibles
 d - 7 rations


   Skills:
 + Level 5.6(4.3) Fighting
 + Level 5.2(3.9) Axes
 + Level 5.3(3.9) Armour
 - Level 2.1(0.9) Dodging
 - Level 2.1(0.9) Spellcasting
 - Level 3.2(2.0) Charms


You had 9 spell levels left.
You knew the following spells:

 Your Spells              Type           Power        Failure   Level  Hunger
a - Infusion              Chrm           #...         96%         1    ##.....


Dungeon Overview and Level Annotations

Branches:
Dungeon (4/15)
 Temple: D:4-7

Altars:
Hepliaklqana
Qazlal

Annotations:
D:3 Grinder


Innate Abilities, Weirdness & Mutations

Shadows flee at your approach. (+LOS)
You can swim through water.
You cover ground slowly.
You can hop short distances.


Message History

The raiju shocks you!
You see here a lumpy cyan potion.
z - a lumpy cyan potion The raiju bites you!
The raiju shocks you!
* * * LOW HITPOINT WARNING * * *
Your chain mail prevents you from hitting the raiju.
The raiju bites you but does no damage.
You hit the raiju. You drain the raiju!
The raiju is moderately wounded.
The raiju bites you but does no damage.
You completely miss the raiju.
The raiju is moderately wounded.
The raiju bites you but does no damage. The raiju closely misses you.
Your chain mail prevents you from hitting the raiju.
The raiju is moderately wounded.
The raiju barely misses you.
A raiju comes into view.
The raiju bursts into living lightning!
The living lightning hits you!
You die...

#. . #. . ## #.#.
...... . .#..# #
.ยง## .....# ...
#.X#.#####
##h#.##..#.#.#.#.
#.......@...#. ..
.....#..h.........
#.#..#.........#..
#..#........##....
#.................
.###..#...........
#..#.##........
.?##.# ......##
.... #. .........


You could see a large abomination and 2 raiju.

Vanquished Creatures
  A phantom (D:4)
  A bullfrog skeleton (D:4)
  6 orc wizards
  Natasha (twice) (D:2)
  An iguana (D:4)
  Robin (D:2)
  5 adders
  2 worms
  3 dart slugs
  3 leopard geckos
  22 orcs
  7 bats
  15 giant cockroaches
  17 goblins
  5 hobgoblins
  5 jackals
  8 kobolds
  5 quokkas
  4 frilled lizards
  7 rats
120 creatures vanquished.

Notes
Turn   | Place    | Note
-------+----------+-------------------------------------------
     0 | D:1      | shenanigans the Barachi Skald began the quest for the Orb.
     0 | D:1      | Reached XP level 1. HP: 17/17 MP: 3/3
   287 | D:1      | Reached XP level 2. HP: 22/23 MP: 5/5
   854 | D:1      | Reached XP level 3. HP: 29/29 MP: 6/6
  1065 | D:2      | Noticed Robin
  1383 | D:2      | Found a hazy altar of Hepliaklqana.
  1394 | D:2      | Killed Robin
  1394 | D:2      | Reached XP level 4. HP: 30/35 MP: 7/7
  1924 | D:2      | Noticed Natasha
  1935 | D:2      | Killed Natasha
  1935 | D:2      | Reached XP level 5. HP: 27/42 MP: 2/8
  2179 | D:2      | Noticed Natasha
  2194 | D:2      | Killed Natasha
  2327 | D:3      | Found a stormy altar of Qazlal.
  2767 | D:3      | Reached XP level 6. HP: 49/49 MP: 9/9
  3194 | D:3      | Noticed Grinder
  3201 | D:3      | Paralysed by Grinder for 4 turns
  3508 | D:4      | Reached skill level 5 in Fighting
  3591 | D:4      | Noticed a phantom
  3688 | D:4      | Killed a phantom
  3688 | D:4      | Reached XP level 7. HP: 23/56 MP: 10/10
  3918 | D:4      | HP: 1/56 [orc wizard/dagger of distortion (13)]
  4212 | D:4      | Reached skill level 5 in Axes
  4212 | D:4      | Reached skill level 5 in Armour
  4565 | D:4      | Cast into level 2 of the Abyss (orc wizard)
  4574 | Abyss:2  | Noticed a raiju
  4581 | Abyss:2  | Killed from afar by a raiju

Vault maps used:
D:1:      dpeg_arrival_pits
D:2:      minmay_roachtagon, overflow_temple_1_default,
          nicolae_underground_beach, uniq_robin, uniq_natasha
D:3:      gammafunk_temple_overflow_statue, first_ration, grunt_qazlal_clouds,
          uniq_grinder
Abyss:2:  guppyfry_abyss_exit_imp_island

Skill      XL: |  1  2  3  4  5  6  7 |
---------------+----------------------+-----
Armour         | 2 3 4 5 |  5.3
Fighting       | 3 4 5 |  5.6
Axes           | 3 4 5 |  5.2
Dodging        | |  2.1
Spellcasting   | |  2.1
Charms         | |  3.2

Action                   |  1- 3 |  4- 6 |  7- 9 || total
-------------------------+-------+-------+-------++-------
Melee: Hand axe          |   115 |   170 |       ||   285
       Dagger            |     8 |     5 |       ||    13
       Flail             |       |   101 |    96 ||   197
 Cast: Infusion          |       |     7 |       ||     7
  Use: Scroll            |     1 |     5 |       ||     6
       Potion            |       |     4 |     1 ||     5
 Stab: Sleeping          |       |     1 |       ||     1
  Eat: Chunk             |     2 |     4 |     1 ||     7
       Ration            |       |     1 |     1 ||     2
Armor: Leather armour    |    45 |    77 |       ||   122
       Chain mail        |       |    81 |    91 ||   172
Dodge: Dodged            |    95 |   153 |    48 ||   296

Table legend:
 A = Spawn XP
 B = Non-spawn XP
 C = Spawn XP percentage of total XP
 D = Spawn monster count
 E = Non-spawn monster count
 F = Spawn count percentage of total count
 G = Total turns spent on level
                    A         B        C        D         E        F      G
               +---------+---------+-------+---------+---------+-------+---------
         Total |       0 |     812 |   0.0 |       0 |     120 |   0.0 |  4581
               +---------+---------+-------+---------+---------+-------+---------
           D:1 |       0 |      69 |   0.0 |       0 |      41 |   0.0 |  1370
           D:2 |       0 |     143 |   0.0 |       0 |      25 |   0.0 |   912
           D:3 |       0 |     199 |   0.0 |       0 |      26 |   0.0 |   960
           D:4 |       0 |     401 |   0.0 |       0 |      28 |   0.0 |  1323
               +---------+---------+-------+---------+---------+-------+---------
